AoeStats
← feizda

Arabia

509326032Analyzed
1v1 RM · 6d ago on Sep 26, 2026· 55m 42s· 2 players
Game mode
Random Map
Map size
Tiny (2 player)
Population
200
Speed
Normal
Resources
Standard
Victory
Conquest
Starting age
Dark Age
Ending age
Imperial Age
RankedLock teamsTeams togetherTeam positionsShared explorationLock speedFull tech treeHidden civsTurbo modeCheats
Victory
Defeat
🇨🇳 Ethiopians · China
1267
+15
🇨🇳 Poles · China
1238
-15
feizda
6:43 Loom
9:21 Feudal Age
9:51 Double-Bit Axe
16:20 Fletching
19:31 Wheelbarrow
22:01 Castle Age
20:42 Horse Collar
22:50 Stone Mining
22:49 Town Watch
26:49 Hand Cart
27:05 Bow Saw
26:47 Gold Mining
38:12 Imperial Age
36:44 Bloodlines
37:01 Szlachta Privileges
43:07 Town Patrol
43:38 Forging
43:51 Husbandry
44:39 Bodkin Arrow
44:45 Padded Archer Armor
46:12 Cavalier
48:20 Conscription
48:13 Scale Barding Armor
49:51 Light Cavalry
54:14 Elite Skirmisher
55:52 Chain Barding Armor
老菜套
6:01 Loom
13:30 Feudal Age
14:06 Town Watch
14:44 Double-Bit Axe
14:39 Horse Collar
22:40 Castle Age
20:59 Fletching
22:11 Padded Archer Armor
22:06 Gold Mining
22:49 Crossbowman
27:26 Scale Barding Armor
30:30 Forging
36:00 Chain Barding Armor
38:32 Wheelbarrow
39:56 Bodkin Arrow
45:46 Iron Casting
48:54 Imperial Age
47:57 Stone Mining
48:42 Gold Shaft Mining
48:25 Leather Archer Armor
48:33 Ballistics
48:57 Husbandry
49:50 Stone Shaft Mining
49:23 Arbalester
50:26 Conscription
51:06 Bracer
50:43 Heavy Camel Rider
51:58 Bow Saw
54:07 Two-Man Saw
53:08 Heavy Plow
53:46 Ring Archer Armor
54:17 Blast Furnace
53:01 Cavalier
53:13 Capped Ram
54:40 Hand Cart
55:29 Siege Ram
57:18 Chemistry
Connection lost

Rejoining the realm…

Still unreachable

The connection could not be restored.

Session expired

The server has moved on; the page needs a fresh start.